 Dungeon Crawl Stone Soup version 0.29-a0-834-g1e95ca9f62 (webtiles) character file.

Game seed: 17237971837701500898

1402 SkeletonJelly the Carver (level 8, -7/49 (60) HPs)
             Began as a Demonspawn Fighter on July 13, 2022.
             Was a Priest of Nemelex Xobeh.
             Mangled by a wight
             ... wielding a +0 halberd
              (10 damage)
             ... on level 6 of the Dungeon.
             The game lasted 00:22:23 (7747 turns).

SkeletonJelly the Carver (Demonspawn Fighter)       Turns: 7747, Time: 00:22:24

HP:   -7/49 (60)    AC: 10    Str: 18    XL:     8   Next: 42%
MP:   12/12         EV:  9    Int:  9    God:    Nemelex Xobeh [***...]
Gold: 278           SH:  4    Dex: 14    Spells: 7/7 levels left

rFire   . . .      SeeInvis .   a - +0 long sword
rCold   + . .      Faith    .   c - +0 buckler
rNeg    . . .      Spirit   .   b - +0 scale mail
rPois   .          Reflect  .   (no helmet)
rElec   .          Harm     .   m - +0 cloak
rCorr   .          Rampage  .   n - +0 pair of gloves
Will    .....                   (no boots)
Stlth   ..........              (no amulet)
HPRegen 0.16/turn               i - ring of protection from cold
MPRegen 0.13/turn               (no ring)

@: heavily drained
A: hooves 1, icy blue scales 1, powered by pain 1
a: Renounce Religion, Draw Escape, Draw Destruction, Draw Summoning, Triple Draw


You were on level 6 of the Dungeon.
You worshipped Nemelex Xobeh.
Nemelex Xobeh was most pleased with you.
You visited 1 branch of the dungeon, and saw 6 of its levels.
You also visited: Sewer.

You collected 278 gold pieces.

Inventory:

Hand Weapons
 a - a +0 long sword (weapon)
 l - the +6 rapier of Ru, Usurping {antimagic, rF+}
   (You found it on level 4 of the Dungeon)

   It reduces the magical energy of the wielder, and disrupts the spells and
   magical abilities of those it strikes.
   Natural abilities and divine invocations are not affected.
   rF:        It protects you from fire.
 u - a +0 bardiche of venom
 B - a +1 shortbow of freezing
Missiles
 p - 14 poisoned darts (quivered)
 t - 2 curare-tipped darts
 y - a throwing net
 G - 5 javelins
Armour
 b - a +0 scale mail (worn)
 c - a +0 buckler (worn)
 m - a +0 cloak (worn)
 n - a +0 pair of gloves (worn)
 D - the +0 leather armour of Protective Custody {*Slow Regen+ Dex+4}
   (You found it on level 5 of the Dungeon)

   Dex:       It affects your dexterity (+4).
   Regen:     It increases your rate of health regeneration.
   *Slow:     It may slow you when you take damage.
Jewellery
 i - a ring of protection from cold (left hand)
 v - a ring of fire
Wands
 E - a wand of light (8)
 F - a wand of digging (3)
Scrolls
 f - 5 scrolls of identify
 g - a scroll of poison
 j - a scroll of enchant armour {unknown}
 k - a scroll of blinking
 x - 2 scrolls of vulnerability {unknown}
 C - 3 scrolls of amnesia {unknown}
Potions
 d - 2 potions of might
 e - 4 potions of curing
 h - 2 potions of flight
 o - a potion of lignification {unknown}
 q - a potion of heal wounds {unknown}
 r - 2 potions of attraction {unknown}
 s - a potion of haste {unknown}
 w - a potion of degeneration {unknown}
 z - a potion of ambrosia {unknown}
 A - a potion of mutation {unknown}


   Skills:
 - Level 4.2 Fighting
 * Level 8.0 Long Blades
 - Level 2.6 Armour
 - Level 2.6 Shields
 + Level 6.5 Invocations


You had 7 spell levels left.
You didn't know any spells.
Your spell library contained the following spells:

 Spells                   Type           Power      Damage    Failure   Level
 Beastly Appendage        Tmut           0%         N/A       86%         1
 Poisonous Vapours        Pois/Air       0%         N/A       95%         2
 Wereblood                Tmut           0%         N/A       95%         2
 Gell's Gravitas          Tloc           0%         N/A       99%         3
 Lesser Beckoning         Tloc           0%         N/A       99%         3
 Spider Form              Tmut/Pois      0%         N/A       99%         3
 Teleport Other           Tloc           0%         N/A       99%         3
 Corpse Rot               Necr/Pois/Air  0%         N/A       100%        4
 Conjure Ball Lightning   Conj/Air       0%         3x3d6     100%        6
 Malign Gateway           Summ/Tloc      0%         N/A       100%        7
 Discord                  Hex            0%         N/A       100%        8
 Disjunction              Tloc           0%         N/A       100%        8
 Dragon's Call            Summ           0%         N/A       100%        9


Dungeon Overview and Level Annotations

Branches:
Dungeon (6/15)             Temple (0/1) D:5           Sewer (visited)

Altars:
Cheibriados
Gozag
Nemelex Xobeh
Trog

Shops:
D:2 !

Annotations:
D:4 3 runed translucent doors, abessonov's ghost, amateur MiFi


Innate Abilities, Weirdness & Mutations

You have large cloven feet.
You are partially covered in icy blue scales. (AC +2)
You sometimes gain a little power by taking damage.


Message History

You hit the wight. You kick the wight.
The wight is moderately damaged.
The wight barely misses you.
You slash the wight! Your kick misses the wight.
The wight is severely damaged.
You slash the wight!
You destroy the wight!
You closely miss the wight. You kick the wight, but do no damage.
A wight comes into view. It is wielding a +0 halberd.
The wight barely misses you.
You completely miss the wight. Your kick misses the wight.
The wight completely misses you.
The wight hits you with a +0 long sword.
You feel drained.
You take 4 damage, and have 56/59 hp.
You hit the wight.
The wight is lightly damaged.
The wight barely misses you.
You hit the wight but do no damage. Your kick misses the wight.
The wight is lightly damaged.
The wight barely misses you.
You hit the wight but do no damage. Your kick misses the wight.
The wight is lightly damaged.
The wight closely misses you. You block the wight's attack.
You slash the wight! You kick the wight, but do no damage.
The wight is heavily damaged.
The wight hits you from afar with a +0 halberd.
You block the wight's attack.
You take 4 damage, and have 53/59 hp.
You hit the wight. Your kick misses the wight.
The wight is heavily damaged.
The wight hits you from afar with a +0 halberd.
You feel drained.
The wight hits you with a +0 long sword.
You take 8 damage, and have 45/58 hp.
You hit the wight.
The wight is almost destroyed.
The wight barely misses you.
The wight hits you with a +0 long sword.
You feel drained.
You take 5 damage, and have 40/57 hp.
You closely miss the wight. Your kick misses the wight.
The wight is almost destroyed.
The wight hits you from afar with a +0 halberd!
You feel drained. You block the wight's attack.
You take 8 damage, and have 32/55 hp.
You completely miss the wight.
The wight is almost destroyed.
The wight hits you but does no damage. x2
You closely miss the wight. You kick the wight.
The wight is almost destroyed.
The wight hits you from afar with a +0 halberd.
You feel drained.
The wight hits you with a +0 long sword.
You feel drained.
You take 10 damage, and have 22/52 hp.
You slash the wight!
You destroy the wight!
The wight barely misses you.
Your Long Blades skill increases to level 8!
The wight barely misses you.
Items here: $ )) [[.
The wight barely misses you.
You hit the wight.
The wight is moderately damaged.
The wight hits you with a +0 halberd.
You feel drained.
You take 6 damage, and have 17/53 hp.
You closely miss the wight. You kick the wight, but do no damage.
The wight is moderately damaged.
The wight barely misses you.
You hit the wight but do no damage. Your kick misses the wight.
The wight is moderately damaged.
The wight barely misses you.
You barely miss the wight.
The wight is moderately damaged.
You block the wight's attack.
You barely miss the wight. Your kick misses the wight.
The wight is moderately damaged.
The wight closely misses you.
You slash the wight! You kick the wight, but do no damage.
The wight is severely damaged.
The wight hits you with a +0 halberd!
* * * LOW HITPOINT WARNING * * *
You feel drained.
* * * LOW HITPOINT WARNING * * *
You take 14 damage, and have 4/51 hp.
MASSIVE DAMAGE!!
You hit the wight. You kick the wight, but do no damage.
The wight is almost destroyed.
The wight closely misses you.
You barely miss the wight.
The wight is almost destroyed.
The wight hits you with a +0 halberd.
* * * LOW HITPOINT WARNING * * *
You feel drained.
You take 1 damage, and have 3/49 hp.
You hit the wight but do no damage. You kick the wight, but do no damage.
The wight is almost destroyed.
The wight hits you with a +0 halberd!
You die...
Your body disappears without a glow.

#.##.# #.#..# . #
#.#.## ..#. #.#.#
..... #.#.#
......##### #.#.#
#...$..######.#.#
#####z......#.#.#
#@......#.#<# #
#.......#.###
#.#.......#.#
#.#.......#.#
#.........#.#
###...#####.# .
#...# #.#
....#...#####.#
..............#


You could see a wight.

Vanquished Creatures
  Sigmund (D:5)
  An ogre (D:5)
  3 phantoms
  2 bullfrogs (Sewer)
  2 scorpions
  2 wights (D:6)
  2 hounds (D:5)
  A jelly (D:5)
  A gnoll bouda (D:4)
  2 orc priests (D:5)
  2 orc wizards
  Ijyb (D:5)
  An iguana (D:5)
  3 gnolls
  7 adders
  4 river rats (D:4)
  A shadow imp (D:5)
  2 ufetubi (D:4)
  2 worms (D:4)
  5 dart slugs
  7 orcs
  17 ball pythons
  19 endoplasms
  12 giant cockroaches
  7 goblins
  9 hobgoblins
  8 kobolds
  5 quokkas
  5 bats
  13 frilled lizards
  3 rats
150 creatures vanquished.

Vanquished Creatures (others)
  30 plants
30 creatures vanquished.

Grand Total: 180 creatures vanquished

Notes
Turn   | Place    | Note
-------+----------+-------------------------------------------
     0 | D:1      | SkeletonJelly the Demonspawn Fighter began the quest for
                  | the Orb.
     0 | D:1      | Reached XP level 1. HP: 18/18 MP: 1/1
    84 | D:1      | Reached skill level 2 in Long Blades
   171 | D:1      | Gained mutation: You have large cloven feet. [demonic
                  | ancestry]
   171 | D:1      | Reached XP level 2. HP: 24/24 MP: 2/2
   208 | D:1      | Got the Omnibus of Moulding and Apparitions
   715 | D:1      | Reached XP level 3. HP: 29/29 MP: 3/3
  1018 | D:1      | Found a faded altar of an unknown god.
  1023 | D:1      | Prayed at the altar of an unknown god.
  1023 | D:1      | Became a worshipper of Nemelex Xobeh the Trickster
  1023 | D:1      | Reached * piety under Nemelex Xobeh
  1146 | D:1      | Received a gift from Nemelex Xobeh
  1232 | D:2      | Reached skill level 3 in Long Blades
  1562 | D:2      | Found a snail-covered altar of Cheibriados.
  1835 | D:2      | Reached XP level 4. HP: 37/37 MP: 4/4
  1870 | D:2      | Found Xileng's Distillery.
  2240 | D:3      | Received a gift from Nemelex Xobeh
  2349 | D:3      | Reached ** piety under Nemelex Xobeh
  3096 | D:4      | Reached skill level 4 in Long Blades
  3096 | D:4      | Gained mutation: You sometimes gain a little power by
                  | taking damage. [demonic ancestry]
  3096 | D:4      | Reached XP level 5. HP: 30/42 MP: 5/5
  3153 | D:4      | Found a glowing drain.
  3157 | Sewer    | Entered a sewer
  3351 | Sewer    | Received a gift from Nemelex Xobeh
  3784 | Sewer    | Reached skill level 1 in Invocations
  3969 | Sewer    | Reached skill level 5 in Long Blades
  3969 | Sewer    | Reached XP level 6. HP: 37/48 MP: 5/7
  4416 | D:4      | Identified the +6 rapier of Ru, Usurping {antimagic, rF+}
  4515 | D:4      | Found a runed translucent gate.
  4515 | D:4      | Found a runed translucent gate.
  4515 | D:4      | Found a runed translucent gate.
  4515 | D:4      | Found an opulent altar of Gozag.
  4517 | D:4      | Noticed abessonov's ghost (amateur MiFi)
  4770 | D:4      | Reached *** piety under Nemelex Xobeh
  5099 | D:4      | Found a bloodstained altar of Trog.
  5263 | D:5      | Entered Level 5 of the Dungeon
  5472 | D:5      | Gained mutation: You are partially covered in icy blue
                  | scales. (AC +2) [demonic ancestry]
  5472 | D:5      | Reached XP level 7. HP: 21/54 MP: 9/9
  5493 | D:5      | Noticed Sigmund
  5728 | D:5      | Reached skill level 6 in Long Blades
  5913 | D:5      | Found a staircase to the Ecumenical Temple.
  6701 | D:5      | Identified the +0 leather armour of Protective Custody
                  | {*Slow Regen+ Dex+4}
  7044 | D:5      | Noticed Ijyb
  7065 | D:5      | Killed Ijyb
  7066 | D:5      | Reached skill level 5 in Invocations
  7183 | D:5      | Killed Sigmund
  7184 | D:5      | Reached skill level 7 in Long Blades
  7184 | D:5      | Reached XP level 8. HP: 49/60 MP: 10/12
  7646 | D:6      | Received a gift from Nemelex Xobeh
  7735 | D:6      | Reached skill level 8 in Long Blades
  7747 | D:6      | Mangled by a wight

Illustrated notes

Levels and vault maps discovered:
D:1:      matt_arrival_debris, layout_loops_ring,
          shapermc_ecumenical_altar_mp_vishouse, serial_bayou,
          serial_bayou_lagoon_a, serial_bayou_shore_b, serial_bayou_pond_a,
          serial_bayou_pond_d
D:2:      layout_loops_ring, basic_altar, serial_shops,
          nicolae_shop_hallway_stairs, st_stairs_3
D:3:      layout_basic, kennysheep_generic_room_8
D:4:      layout_loops_ring, trog_hazing_becter, ebering_ghost_gozag,
          gup_sewer_entry_spiral
D:5:      layout_rooms, minmay_temple_entry_slanted, serial_bayou_lake_a,
          uniq_ijyb, uniq_sigmund
D:6:      layout_basic, nicolae_vehumet_radiance, minmay_fountain_box,
          uniq_edmund

Skill      XL: |  1  2  3  4  5  6  7  8 |
---------------+-------------------------+-----
Long Blades    | 2 3 4 5 7 8 |  8.0
Fighting       | 4 |  4.2
Invocations    | 2 3 5 6 |  6.5
Armour         | |  2.6
Shields        | |  2.6

Action                   |  1- 3 |  4- 6 |  7- 9 || total
-------------------------+-------+-------+-------++-------
Melee: Long sword        |   110 |   317 |   159 ||   586
       Kick              |    19 |    69 |    44 ||   132
Throw: Dart              |       |       |     6 ||     6
Invok: Draw Destruction  |       |     4 |     1 ||     5
  Use: Scroll            |       |     8 |       ||     8
       Potion            |       |     2 |     1 ||     3
Armor: Scale mail        |    56 |   173 |    62 ||   291
Dodge: Dodged            |    38 |   171 |    64 ||   273
Block: Buckler           |    27 |    71 |    28 ||   126

Table legend: (Time is in decaauts)
 A = Elapsed time spent in this place.
 B = Non-inter-level travel time spent in this place.
 C = Inter-level travel time spent in this place.
 D = Time resting spent in this place.
 E = Time spent auto-exploring this place.
 F = Levels seen in this place.
 G = Mean time per level.
                   A        B        C        D        E       F      G
               +--------+--------+--------+--------+--------+-----+--------+
         Total |   8027 |   7643 |    384 |    326 |   5828 |   7 | 1146.7 |
       Dungeon |   7051 |   6667 |    384 |    326 |   5139 |   6 | 1175.2 |
         Sewer |    976 |    976 |      0 |      0 |    689 |   1 |  976.0 |
               +--------+--------+--------+--------+--------+-----+--------+

Top non-repeatable levels by time:
     D:4: 2442 daAuts
     D:5: 1559 daAuts
     D:1: 1249 daAuts
     D:2: 1011 daAuts
   Sewer: 976 daAuts
     D:3: 698 daAuts
     D:6: 89 daAuts
